TOP OF THE 1ST |
University of Minnesota Golden Gophers batting - Pitching for University of California Golden Bears : RHP Tommy Benedict
|
Pitching: RHP Tommy Benedict
|
|
Batting: RHB Josh Shay
|
0-0: Called Strike 0-1: Called Strike 0-2: Ball 1-2: Foul Ball, location: 2F 1-2: Ball 2-2: DOUBLE (Groundball, 5L, EV 97.5 MPH)
|
Batting: RHB Willie Benito
|
0-0: Called Strike 0-1: Foul Ball, location: 2F 0-2: Foul Ball, location: 2F 0-2: Ball 1-2: Strikes out swinging
|
Batting: RHB Tom Primmer
|
0-0: Ball 1-0: Foul Ball, location: 2F 1-1: Ball 2-1: Ball 3-1: Called Strike 3-2: Foul Ball, location: 2F 3-2: Base on Balls
|
Batting: SHB Alex Montoya
|
0-0: Ball 1-0: TRIPLE (Line Drive, 78XD, EV 108.8 MPH) Josh Shay scores Tom Primmer scores
|
Batting: LHB Felipe Gomez
|
0-0: Swinging Strike 0-1: Fly out, F6 (Popup, 6, EV 65.0 MPH)
|
Batting: RHB Lamar Thornton
|
0-0: Foul Ball, location: 2F 0-1: Ground out 6-3 (Groundball, 6, EV 87.5 MPH)
|
Top of the 1st over - 2 runs, 2 hits, 0 errors, 1 left on base; University of Minnesota 2 - University of California 0 |
BOTTOM OF THE 1ST |
University of California Golden Bears batting - Pitching for University of Minnesota Golden Gophers : RHP Chris Ray
|
Pitching: RHP Chris Ray
|
|
Batting: LHB Joe Phillips
|
0-0: Fly out, F8 (Line Drive, 8LM, EV 91.3 MPH)
|
Batting: RHB Jose Sanchez
|
0-0: Called Strike 0-1: Ball 1-1: SINGLE (Line Drive, 7LS, EV 108.8 MPH)
|
Batting: RHB Eddie Zamora
|
0-0: Fly out, F8 (Flyball, 89XD, EV 90.6 MPH)
|
Batting: RHB Ton van Dijk
|
0-0: Swinging Strike 0-1: Ball 1-1: Called Strike 1-2: Ball 2-2: Strikes out swinging
|
Bottom of the 1st over - 0 runs, 1 hit, 0 errors, 1 left on base; University of Minnesota 2 - University of California 0 |
TOP OF THE 2ND |
University of Minnesota Golden Gophers batting - Pitching for University of California Golden Bears : RHP Tommy Benedict
|
Batting: SHB Francisco Gutierrez
|
0-0: Ball 1-0: Ball 2-0: Foul Ball, location: 2F 2-1: Swinging Strike 2-2: Ball 3-2: Strikes out swinging
|
Batting: LHB Jawad Fahad
|
0-0: Called Strike 0-1: Ground out 6-3 (Groundball, 6, EV 82.5 MPH)
|
Batting: RHB Chris Ray
|
0-0: Called Strike 0-1: Ball 1-1: Foul Ball, location: 2F 1-2: Ball 2-2: Foul Ball, location: 2F 2-2: Strikes out looking
|
Top of the 2nd over - 0 runs, 0 hits, 0 errors, 0 left on base; University of Minnesota 2 - University of California 0 |
BOTTOM OF THE 2ND |
University of California Golden Bears batting - Pitching for University of Minnesota Golden Gophers : RHP Chris Ray
|
Batting: SHB Sean Hill
|
0-0: Ball 1-0: Called Strike 1-1: Foul Ball, location: 2F 1-2: Strikes out swinging
|
Batting: SHB Jim Conklin
|
0-0: Foul Ball, location: 2F 0-1: Swinging Strike 0-2: Ball 1-2: Foul Ball, location: 2F 1-2: Strikes out swinging
|
Batting: RHB Jack Nickleberry
|
0-0: Called Strike 0-1: Foul Ball, location: 2F 0-2: Foul Ball, location: 2F 0-2: Ball 1-2: Ball 2-2: SINGLE (Groundball, 56, EV 103.1 MPH)
|
Batting: RHB Joe Weissman
|
0-0: Called Strike 0-1: Foul Ball, location: 2F 0-2: Strikes out swinging
|
Bottom of the 2nd over - 0 runs, 1 hit, 0 errors, 1 left on base; University of Minnesota 2 - University of California 0 |
TOP OF THE 3RD |
University of Minnesota Golden Gophers batting - Pitching for University of California Golden Bears : RHP Tommy Benedict
|
Batting: RHB Josh Shay
|
0-0: Foul Ball, location: 2F 0-1: Foul Ball, location: 2F 0-2: Foul Ball, location: 2F 0-2: Strikes out swinging
|
Batting: RHB Willie Benito
|
0-0: Fly out, F9 (Flyball, 9S, EV 91.3 MPH)
|
Batting: RHB Tom Primmer
|
0-0: Hit by Pitch
|
Batting: SHB Alex Montoya
|
0-0: Ball 1-0: Called Strike 1-1: Ground out 4-3 (Groundball, 4, EV 100.6 MPH)
|
Top of the 3rd over - 0 runs, 0 hits, 0 errors, 1 left on base; University of Minnesota 2 - University of California 0 |
BOTTOM OF THE 3RD |
University of California Golden Bears batting - Pitching for University of Minnesota Golden Gophers : RHP Chris Ray
|
Batting: RHB Tommy Benedict
|
0-0: Foul Ball, location: 2F 0-1: Reached on error, E5 (Groundball, 56, EV 86.3 MPH)
|
Batting: LHB Joe Phillips
|
0-0: Called Strike 0-1: Ball 1-1: Called Strike 1-2: Ball 2-2: Ball 3-2: Strikes out swinging
|
Batting: RHB Jose Sanchez
|
0-0: Foul Ball, location: 2F 0-1: SINGLE (Line Drive, 89S, EV 94.4 MPH) Tommy Benedict to second
|
Batting: RHB Eddie Zamora
|
0-0: Ball 1-0: Fly out, F8 (Flyball, 89XD, EV 92.5 MPH) Runner from 2nd tags up, SAFE at 3rd, no throw by CF
|
Batting: RHB Ton van Dijk
|
0-0: Called Strike 0-1: Ball 1-1: Fielders Choice at 2nd, 6-4 (Groundball, 6, EV 102.5 MPH)
|
Bottom of the 3rd over - 0 runs, 1 hit, 1 error, 2 left on base; University of Minnesota 2 - University of California 0 |
TOP OF THE 4TH |
University of Minnesota Golden Gophers batting - Pitching for University of California Golden Bears : RHP Tommy Benedict
|
Batting: LHB Felipe Gomez
|
0-0: Ball 1-0: Swinging Strike 1-1: Foul Ball, location: 2F 1-2: Ball 2-2: Foul Ball, location: 2F 2-2: Foul Ball, location: 2F 2-2: Foul Ball, location: 2F 2-2: Foul Ball, location: 2F 2-2: Reached on error, E9 (Flyball, 8RS, EV 91.9 MPH)
|
Batting: RHB Lamar Thornton
|
0-0: Called Strike 0-1: DOUBLE (Line Drive, 89D, EV 106.3 MPH) Felipe Gomez to third
|
Batting: SHB Francisco Gutierrez
|
0-0: Ball 1-0: Fly out, F8 (Line Drive, 8LD, EV 84.4 MPH) Runner from 3rd tags up, SCORES, no throw by CF
|
Batting: LHB Jawad Fahad
|
0-0: Called Strike 0-1: Swinging Strike 0-2: Ground out 4-3 (Groundball, 4, EV 88.1 MPH) Lamar Thornton to third
|
Batting: RHB Chris Ray
|
0-0: Ball 1-0: Called Strike 1-1: Ball 2-1: Ground out 6-3 (Groundball, 6, EV 89.4 MPH)
|
Top of the 4th over - 1 run, 1 hit, 1 error, 1 left on base; University of Minnesota 3 - University of California 0 |
BOTTOM OF THE 4TH |
University of California Golden Bears batting - Pitching for University of Minnesota Golden Gophers : RHP Chris Ray
|
Batting: SHB Sean Hill
|
0-0: Called Strike 0-1: Foul Ball, location: 2F 0-2: Fly out, F9 (Flyball, 89S, EV 80.0 MPH)
|
Batting: SHB Jim Conklin
|
0-0: Ground out 4-3 (Groundball, 4, EV 102.5 MPH)
|
Batting: RHB Jack Nickleberry
|
0-0: Ground out U3 (Groundball, 34, EV 99.4 MPH)
|
Bottom of the 4th over - 0 runs, 0 hits, 0 errors, 0 left on base; University of Minnesota 3 - University of California 0 |
TOP OF THE 5TH |
University of Minnesota Golden Gophers batting - Pitching for University of California Golden Bears : RHP Tommy Benedict
|
Batting: RHB Josh Shay
|
0-0: Ball 1-0: Called Strike 1-1: Foul Ball, location: 2F 1-2: Strikes out swinging
|
Batting: RHB Willie Benito
|
0-0: Called Strike 0-1: Ball 1-1: Foul Ball, location: 2F 1-2: SINGLE (Flyball, 8RS, EV 92.5 MPH)
|
Pitching: RHP Joe Smith
|
|
Batting: RHB Tom Primmer
|
0-0: Ball 1-0: Called Strike 1-1: Swinging Strike 1-2: Foul Ball, location: 2F 1-2: Strikes out swinging
|
Batting: SHB Alex Montoya
|
0-0: Ball 1-0: Foul Ball, location: 2F 1-1: SINGLE (Line Drive, 8RM, EV 86.3 MPH) Willie Benito to second
|
Batting: LHB Felipe Gomez
|
0-0: Ball 1-0: Ball 2-0: Foul Ball, location: 2F 2-1: Foul Ball, location: 2F 2-2: Foul Ball, location: 2F 2-2: Foul Ball, location: 2F 2-2: Ball 3-2: Ground out 6-3 (Groundball, 6, EV 86.9 MPH)
|
Top of the 5th over - 0 runs, 2 hits, 0 errors, 2 left on base; University of Minnesota 3 - University of California 0 |
BOTTOM OF THE 5TH |
University of California Golden Bears batting - Pitching for University of Minnesota Golden Gophers : RHP Chris Ray
|
Batting: RHB Joe Weissman
|
0-0: Called Strike 0-1: Foul Ball, location: 2F 0-2: Foul Ball, location: 2F 0-2: Strikes out swinging
|
Batting: SHB Joe Smith
|
0-0: Swinging Strike 0-1: Called Strike 0-2: Strikes out swinging, 2-3 out at first.
|
Batting: LHB Joe Phillips
|
0-0: Foul Ball, location: 2F 0-1: Ball 1-1: DOUBLE (Line Drive, 9LS, EV 99.4 MPH)
|
Batting: RHB Jose Sanchez
|
0-0: Called Strike 0-1: Foul Ball, location: 2F 0-2: Foul Ball, location: 2F 0-2: Strikes out looking
|
Bottom of the 5th over - 0 runs, 1 hit, 0 errors, 1 left on base; University of Minnesota 3 - University of California 0 |
TOP OF THE 6TH |
University of Minnesota Golden Gophers batting - Pitching for University of California Golden Bears : RHP Joe Smith
|
Batting: RHB Lamar Thornton
|
0-0: Ball 1-0: Ball 2-0: Ball 3-0: Called Strike 3-1: Ground out 4-3 (Groundball, 4, EV 107.5 MPH)
|
Batting: SHB Francisco Gutierrez
|
0-0: Called Strike 0-1: Ball 1-1: Ball 2-1: Called Strike 2-2: Fly out, F6 (Popup, 6M, EV 57.5 MPH)
|
Batting: LHB Jawad Fahad
|
0-0: Fly out, F6 (Popup, 6M, EV 53.8 MPH)
|
Top of the 6th over - 0 runs, 0 hits, 0 errors, 0 left on base; University of Minnesota 3 - University of California 0 |
BOTTOM OF THE 6TH |
University of California Golden Bears batting - Pitching for University of Minnesota Golden Gophers : RHP Chris Ray
|
Batting: RHB Eddie Zamora
|
0-0: Fly out, F6 (Flyball, 56D, EV 91.9 MPH)
|
Batting: RHB Ton van Dijk
|
0-0: Swinging Strike 0-1: Fly out, F9 (Flyball, 9LS, EV 96.3 MPH)
|
Batting: SHB Sean Hill
|
0-0: Ball 1-0: Called Strike 1-1: Foul Ball, location: 2F 1-2: Ball 2-2: Strikes out looking
|
Bottom of the 6th over - 0 runs, 0 hits, 0 errors, 0 left on base; University of Minnesota 3 - University of California 0 |
TOP OF THE 7TH |
University of Minnesota Golden Gophers batting - Pitching for University of California Golden Bears : RHP Joe Smith
|
Batting: RHB Chris Ray
|
0-0: Ground out U3 (Groundball, 34S, EV 81.3 MPH)
|
Batting: RHB Josh Shay
|
0-0: Fly out, F7 (Line Drive, 7, EV 93.8 MPH)
|
Batting: RHB Willie Benito
|
0-0: Called Strike 0-1: Ball 1-1: Called Strike 1-2: Foul Ball, location: 2F 1-2: Ball 2-2: Foul Ball, location: 2F 2-2: Foul Ball, location: 2F 2-2: Ball 3-2: Ground out 5-3 (Groundball, 5S, EV 68.8 MPH)
|
Top of the 7th over - 0 runs, 0 hits, 0 errors, 0 left on base; University of Minnesota 3 - University of California 0 |
BOTTOM OF THE 7TH |
University of California Golden Bears batting - Pitching for University of Minnesota Golden Gophers : RHP Chris Ray
|
Batting: SHB Jim Conklin
|
0-0: Foul Ball, location: 2F 0-1: Ground out 4-3 (Groundball, 4, EV 84.4 MPH)
|
Batting: RHB Jack Nickleberry
|
0-0: Called Strike 0-1: Ball 1-1: Ball 2-1: DOUBLE (Line Drive, 7LM, EV 108.1 MPH)
|
Pitching: RHP Juan Rodriquez
|
|
Batting: RHB Joe Weissman
|
0-0: Ball 1-0: Foul Ball, location: 2F 1-1: Ball 2-1: Foul Ball, location: 2F 2-2: Strikes out swinging
|
Pinch Hitting: RHB Mario Mata
|
0-0: Ball 1-0: Foul Ball, location: 2F 1-1: Foul Ball, location: 2F 1-2: Ball 2-2: Ball 3-2: Ground out 3-1 (Groundball, 34S, EV 88.1 MPH)
|
Bottom of the 7th over - 0 runs, 1 hit, 0 errors, 1 left on base; University of Minnesota 3 - University of California 0 |
TOP OF THE 8TH |
University of Minnesota Golden Gophers batting - Pitching for University of California Golden Bears : RHP Joe Smith
|
Pitching: RHP Alex Romero
|
|
Batting: RHB Tom Primmer
|
0-0: Ball 1-0: Swinging Strike 1-1: Ball 2-1: Ball 3-1: Base on Balls
|
Batting: SHB Alex Montoya
|
0-0: Ball 1-0: Foul Ball, location: 2F 1-1: Foul Ball, location: 2F 1-2: Grounds into double play, 4-6-3 (Groundball, 4, EV 92.5 MPH)
|
Batting: LHB Felipe Gomez
|
0-0: Ball 1-0: SOLO HOME RUN (Flyball, 9D, EV 106.3 MPH), Distance : 374 ft
|
Batting: RHB Lamar Thornton
|
0-0: Called Strike 0-1: Fly out, F8 (Line Drive, 8LM, EV 91.3 MPH)
|
Top of the 8th over - 1 run, 1 hit, 0 errors, 0 left on base; University of Minnesota 4 - University of California 0 |
BOTTOM OF THE 8TH |
University of California Golden Bears batting - Pitching for University of Minnesota Golden Gophers : RHP Juan Rodriquez
|
Batting: LHB Joe Phillips
|
0-0: Ball 1-0: Ball 2-0: Swinging Strike 2-1: Foul Ball, location: 2F 2-2: Ball 3-2: Foul Ball, location: 2F 3-2: Fly out, F7 (Line Drive, 7D, EV 91.3 MPH)
|
Batting: RHB Jose Sanchez
|
0-0: Ball 1-0: Ball 2-0: Fly out, F8 (Flyball, 8LM, EV 83.8 MPH)
|
Batting: RHB Eddie Zamora
|
0-0: SINGLE (Line Drive, 78M, EV 100.6 MPH)
|
Batting: RHB Ton van Dijk
|
0-0: Ball 1-0: Called Strike 1-1: Ball 2-1: Ground out 5-3 (Groundball, 56S, EV 85.0 MPH)
|
Bottom of the 8th over - 0 runs, 1 hit, 0 errors, 1 left on base; University of Minnesota 4 - University of California 0 |
TOP OF THE 9TH |
University of Minnesota Golden Gophers batting - Pitching for University of California Golden Bears : RHP Alex Romero
|
Batting: SHB Francisco Gutierrez
|
0-0: Called Strike 0-1: Called Strike 0-2: SINGLE (Line Drive, 6M, EV 96.9 MPH)
|
Batting: LHB Jawad Fahad
|
0-0: Ball 1-0: Called Strike 1-1: Swinging Strike 1-2: Ball 2-2: Ball 3-2: Strikes out swinging
|
Pinch Hitting: RHB Devin Lowery
|
0-0: Foul Ball, location: 2F 0-1: Ball 1-1: Ball 2-1: Foul Ball, location: 2F 2-2: Ball 3-2: Fly out, F7 (Line Drive, 7, EV 98.8 MPH)
|
Batting: RHB Josh Shay
|
0-0: Called Strike 0-1: Ball 1-1: Swinging Strike 1-2: Ball Wild Pitch! Francisco Gutierrez to second 2-2: Foul Ball, location: 2F 2-2: Fly out, F8 (Line Drive, 8LD, EV 108.1 MPH)
|
Top of the 9th over - 0 runs, 1 hit, 0 errors, 1 left on base; University of Minnesota 4 - University of California 0 |
BOTTOM OF THE 9TH |
University of California Golden Bears batting - Pitching for University of Minnesota Golden Gophers : RHP Juan Rodriquez
|
Pitching: LHP Sean McLaughlin
|
|
Batting: SHB Sean Hill
|
0-0: Ball 1-0: Ground out 6-3 (Groundball, 6S, EV 66.9 MPH)
|
Batting: SHB Jim Conklin
|
0-0: Called Strike 0-1: Ball 1-1: Swinging Strike 1-2: Ball 2-2: Ball 3-2: Foul Ball, location: 2F 3-2: Base on Balls
|
Batting: RHB Jack Nickleberry
|
0-0: Called Strike 0-1: Ball 1-1: Ball 2-1: Ball 3-1: Called Strike 3-2: Base on Balls Jim Conklin to second
|
Pitching: LHP Jayden Carey
|
|
Batting: RHB Joe Weissman
|
0-0: Ball 1-0: Foul Ball, location: 2F 1-1: Ball 2-1: Ball 3-1: Foul Ball, location: 2F 3-2: Base on Balls Jim Conklin to third Jack Nickleberry to second
|
Pinch Hitting: LHB Andy Schumacher
|
0-0: Foul Ball, location: 2F 0-1: Foul Ball, location: 2F 0-2: Ball 1-2: Strikes out swinging
|
Pinch Hitting: RHB Mike Gangi
|
0-0: Fly out, F8 (Flyball, 8RS, EV 85.0 MPH)
|
Bottom of the 9th over - 0 runs, 0 hits, 0 errors, 3 left on base; University of Minnesota 4 - University of California 0 |
|